 Dungeon Crawl Stone Soup version 0.28.0-43-g3370ac3207 (webtiles) character file.

Game seed: 3978341859443073673

877 sanboga the Covered (level 8, 0/49 HPs)
             Began as a Gargoyle Fighter on Mar 30, 2022.
             Slain by an orc warrior
             ... wielding a +3 mace
              (13 damage)
             ... on level 6 of the Dungeon.
             The game lasted 00:07:25 (6115 turns).

sanboga the Covered (Gargoyle Fighter)              Turns: 6115, Time: 00:07:26

Health: 0/49       AC: 33    Str: 22    XL:     8   Next: 4%
Magic:  8/8        EV:  7    Int:  9    God:
Gold:   255        SH:  4    Dex:  9    Spells: 7/7 levels left

rFire   . . .      SeeInvis .   b - +1 hand axe (vamp)
rCold   . . .      Faith    .   c - +0 buckler
rNeg    + . .      Spirit   .   m - +18 Lear's hauberk
rPois   ∞          Reflect  .   (helmet currently unavailable)
rElec   +          Harm     .   (no cloak)
rCorr   .          Rampage  .   (gloves currently unavailable)
Will    +....                   (boots currently unavailable)
Stlth   ..........              (no amulet)
HPRegen 0.16/turn               (no ring)
MPRegen 0.11/turn               (no ring)

@: no status effects
A: sickness immunity, AC +5, negative energy resistance 1, electricity
resistance, torment resistance 1, petrification resistance, fangs 1, horns 1,
strong-willed 1
a: no special abilities


You were on level 6 of the Dungeon.
You visited 1 branch of the dungeon, and saw 6 of its levels.

You collected 255 gold pieces.

Inventory:

Hand Weapons
 a - a +0 war axe
 b - a +1 vampiric hand axe (weapon)
Armour
 c - a +0 buckler (worn)
 m - the +18 Lear's hauberk (worn)
   (You found it on level 5 of the Dungeon)
Wands
 k - a wand of polymorph (8)
 p - a wand of flame (16)
Scrolls
 d - 3 scrolls of blinking
 e - 3 scrolls of enchant weapon
 i - 3 scrolls of teleportation
 j - a scroll of fog
 n - a scroll of holy word
Potions
 f - a potion of lignification {unknown}
 g - a potion of mutation


   Skills:
 + Level 5.3 Fighting
 * Level 5.3 Axes
 + Level 5.4 Armour
 + Level 5.3 Shields


You had 7 spell levels left.
You didn't know any spells.
Your spell library contained the following spells:

 Spells                   Type           Power      Damage    Failure   Level
 Apportation              Tloc           0%         N/A       99%         1
 Summon Guardian Golem    Hex/Summ       0%         N/A       100%        3
 Leda's Liquefaction      Hex/Erth       0%         N/A       100%        4
 Alistair's Intoxication  Tmut/Pois      0%         N/A       100%        5
 Lee's Rapid Deconstruct  Erth           0%         3d5*      100%        5
 Orb of Destruction       Conj           0%         9d5       100%        7
 Spellforged Servitor     Conj/Summ      0%         N/A       100%        7
 Statue Form              Tmut/Erth      Unusable   N/A       N/A         6

Dungeon Overview and Level Annotations

Branches:
Dungeon (6/15)
 Temple: D:4-7

Altars:


Innate Abilities, Weirdness & Mutations

You are immune to sickness and miasma.
Your stone body is resilient. (AC +5)
You are immune to poison.
You resist negative energy. (rN+)
You are resistant to electric shocks. (rElec)
You are resistant to unholy torment.
You are immune to petrification.
You have very sharp teeth.
You have a pair of small horns on your head.
You are strong-willed. (Will+)


Message History

The orc warrior hits you but does no damage.
You hit the orc warrior.
You feel better.
You headbutt the orc warrior. Your bite misses the orc warrior.
The orc warrior is heavily wounded.
The orc warrior hits you with a +3 mace.
You barely miss the orc warrior.
You bite the orc warrior, but do no damage.
The orc warrior is heavily wounded.
The orc warrior hits you but does no damage.
You hit the orc warrior but do no damage.
You headbutt the orc warrior.
The orc warrior is heavily wounded.
The orc warrior hits you with a +3 mace!
You completely miss the orc warrior. Your bite misses the orc warrior.
The orc warrior is heavily wounded.
The orc warrior hits you with a +3 mace.
You hit the orc warrior but do no damage.
Your headbutt misses the orc warrior.
The orc warrior is heavily wounded.
The orc warrior hits you but does no damage.
You hit the orc warrior.
You feel better.
The orc warrior is heavily wounded.
You block the orc warrior's attack.
The orc warrior hits you with a +3 mace.
You hit the orc warrior. You headbutt the orc warrior.
The orc warrior is severely wounded.
The orc warrior barely misses you.
You barely miss the orc warrior.
The orc warrior is severely wounded.
The orc warrior hits you with a +3 mace.
You are too injured to fight recklessly!
You completely miss the orc warrior. Your headbutt misses the orc warrior.
Your bite misses the orc warrior.
The orc warrior is severely wounded.
The orc warrior hits you with a +3 mace.
* * * LOW HITPOINT WARNING * * *
You hit the orc warrior.
The orc warrior is severely wounded.
The orc warrior hits you with a +3 mace!
You die...

..##........ ...........
##......... ........# .#
......### ..## .......###
#..#. ##o.......# . #...
##.@.# ....#. #...##..)##
#.... ..#...#....####..#
....... #......)####.##.#
##.......
######.......#..###......##
###.........##........
##........#.........
#..####............ ####
#.(..........


You could see an orc warrior.

Vanquished Creatures
  A black bear (D:5)
  2 ogres
  4 jellies
  2 hounds (D:5)
  5 orc priests
  Terence (D:2)
  2 iguanas
  An orc wizard (D:5)
  4 adders
  5 worms
  5 dart slugs
  18 orcs
  8 bats
  9 endoplasms
  3 giant cockroaches
  10 goblins
  12 hobgoblins
  9 jackals
  6 kobolds
  3 quokkas
  9 ball pythons
  7 frilled lizards
  4 rats
130 creatures vanquished.

Vanquished Creatures (others)
  2 plants (D:1)
2 creatures vanquished.

Grand Total: 132 creatures vanquished

Notes
Turn   | Place    | Note
-------+----------+-------------------------------------------
     0 | D:1      | sanboga the Gargoyle Fighter began the quest for the Orb.
     0 | D:1      | Reached XP level 1. HP: 14/14 MP: 1/1
   213 | D:1      | Reached XP level 2. HP: 19/19 MP: 2/2
   719 | D:1      | Reached XP level 3. HP: 23/23 MP: 3/3
  1099 | D:1      | Found a faded altar of an unknown god.
  1359 | D:2      | Noticed Terence
  1366 | D:2      | HP: 1/24 [Terence/+0 falchion (5)]
  1386 | D:1      | Reached XP level 4. HP: 12/29 MP: 4/4
  1575 | D:2      | Killed Terence
  1817 | D:2      | Gained mutation: You are strong-willed. (Will+) [potion of
                  | mutation]
  1817 | D:2      | Gained mutation: You have very sharp teeth. [potion of
                  | mutation]
  1817 | D:2      | Gained mutation: You have a pair of small horns on your
                  | head. [potion of mutation]
  1822 | D:2      | Reached XP level 5. HP: 33/33 MP: 5/5
  2531 | D:3      | HP: 1/33 [orc priest/divine providence (12)]
  3081 | D:3      | HP: 1/33 [orc priest/divine providence (9)]
  3537 | D:3      | Reached XP level 6. HP: 21/38 MP: 6/6
  4550 | D:4      | Reached XP level 7. HP: 41/44 MP: 7/7
  4929 | D:5      | Entered Level 5 of the Dungeon
  4963 | D:5      | Reached skill level 5 in Armour
  4967 | D:5      | Reached skill level 5 in Fighting
  4967 | D:5      | Reached skill level 5 in Shields
  5255 | D:5      | Reached skill level 5 in Axes
  5820 | D:5      | Found the +18 Lear's hauberk
  5837 | D:5      | Reached XP level 8. HP: 49/49 MP: 8/8
  6115 | D:6      | Slain by an orc warrior

Illustrated notes

Levels and vault maps discovered:
D:1:      scummos_arrival_star, layout_loops_cross,
          shapermc_ecumenical_altar_mp_ritualfount
D:2:      layout_rooms, minmay_misc_feat_enclosed, minivault_5,
          minmay_joined_circles, uniq_terence
D:3:      layout_loops_corners
D:4:      layout_gridville
D:5:      layout_loops_ring
D:6:      layout_cave_pools, zin_angel, minmay_temple_entry_waves,
          lightli_sewer_entry_pipes

Skill      XL: |  1  2  3  4  5  6  7 |
---------------+----------------------+-----
Axes           | 2 3 4 5 |  5.3
Armour         | 4 5 |  5.4
Fighting       | 4 5 |  5.3
Shields        | 4 5 |  5.3

Action                   |  1- 3 |  4- 6 |  7- 9 || total
-------------------------+-------+-------+-------++-------
Melee: War axe           |   137 |   125 |       ||   262
       Headbutt          |       |    23 |    26 ||    49
       Hand axe          |       |    49 |   107 ||   156
       Bite              |       |     4 |    10 ||    14
  Use: Potion            |     1 |     4 |       ||     5
       Scroll            |     1 |     6 |     4 ||    11
Armor: Scale mail        |    40 |       |       ||    40
       Chain mail        |    63 |    85 |    71 ||   219
Dodge: Dodged            |    60 |    53 |    30 ||   143
Block: Buckler           |    30 |    42 |    23 ||    95
